 Dungeon Crawl Stone Soup version 0.27-a0-909-g0721f309d1 (webtiles) character file.

Game seed: 8208932995580131930

93 siradein the Magician (level 4, -7/31 HPs)
             Began as a Djinni Fire Elementalist on Apr 8, 2021.
             Mangled by a scorpion (8 damage)
             ... on level 3 of the Dungeon.
             The game lasted 00:05:59 (2454 turns).

siradein the Magician (Djinni Fire Elementalist)    Turns: 2454, Time: 00:06:00

Health: -7/31      AC:  2    Str:  7    XL:     4   Next: 61%
Gold:   73         EV: 12    Int: 17    God:
                   SH:  0    Dex: 14

rFire    + + .     SeeInvis .   (no weapon)
rCold    x . .     Faith    .   (no shield)
rNeg     . . .     Spirit   .   a - +0 robe
rPois    ∞         Reflect  .   (no helmet)
rElec    .         Harm     .   (no cloak)
rCorr    .         Rampage  .   (no gloves)
Will     .....                  (boots unavailable)
Stlth    ++........             (no amulet)
HPRegen  0.10/turn              (no ring)
MPRegen  0.00/turn              (no ring)

@: flying
A: fire resistance 2, cold vulnerability 1, float, innate caster, hp casting,
extra vitality 1
a: no special abilities


You were on level 3 of the Dungeon.
You visited 1 branch of the dungeon, and saw 3 of its levels.

You collected 73 gold pieces.

Inventory:

Armour
 a - a +0 robe (worn)
Scrolls
 b - 2 scrolls of identify {unknown}
 d - a scroll of teleportation {unknown}
 e - a scroll of blinking {unknown}
 g - a scroll of fear {unknown}
Potions
 c - 2 potions of curing {unknown}
 f - a potion of heal wounds {unknown}
 h - a potion of brilliance {unknown}


   Skills:
 - Level 2.1 Dodging
 - Level 1.5 Stealth
 + Level 4.5 Spellcasting


You couldn't memorise any spells.
You knew the following spells:

 Your Spells              Type           Power      Damage    Failure   Level
a - Foxfire               Conj/Fire      76%        2x1d7     2%          1
b - Conjure Flame         Conj/Fire      19%        6-21      7%          3
c - Inner Flame           Hex/Fire       19%        N/A       7%          3
d - Sticky Flame          Conj/Fire      19%        2d4       24%         4
e - Fireball              Conj/Fire      9%         3d6       54%         5
f - Summon Small Mammal   Summ           76%        N/A       2%          1
Your spell library was empty.

Dungeon Overview and Level Annotations

Branches:
Dungeon (3/15)

Altars:

Shops:
D:2 [


Innate Abilities, Weirdness & Mutations

You are immune to poison.
Your flesh is very heat resistant. (rF++)
You are vulnerable to cold. (rC-)
You float through the air rather than walking.
You learn spells naturally, not from books.
Your magical power is your life essence.
You have superior vitality. (+4 HP)


Message History

You hit the hobgoblin.
You kill the hobgoblin!
The scorpion misses you. The scorpion barely misses you.
You see here a hobgoblin corpse.
The scorpion barely misses you.
Casting: Foxfire (safe; 2% risk of failure)
Press: ? - help, Q - select action, (/) - cycle Dir - look around, f - activate You conjure some foxfire!
The scorpion misses you.
The foxfire hits the scorpion but does no damage.
The foxfire hits the scorpion.
The scorpion is moderately wounded.
The scorpion stings you.
Casting: Foxfire (safe; 2% risk of failure)
Press: ? - help, Q - select action, (/) - cycle Dir - look around, f - activate You conjure some foxfire!
The scorpion stings you.
* * * LOW HITPOINT WARNING * * *
The foxfire hits the scorpion.
The scorpion is moderately wounded.
The foxfire hits the scorpion.
The scorpion is heavily wounded.
The scorpion stings you.
* * * LOW HITPOINT WARNING * * *
Casting: Foxfire (safe; 2% risk of failure)
Press: ? - help, Q - select action, (/) - cycle Dir - look around, f - activate You conjure some foxfire!
* * * LOW HITPOINT WARNING * * *
The scorpion closely misses you.
The foxfire hits the scorpion.
The scorpion is heavily wounded.
The foxfire hits the scorpion but does no damage.
The scorpion is heavily wounded.
Casting: Foxfire (safe; 2% risk of failure)
Press: ? - help, Q - select action, (/) - cycle Dir - look around, f - activate You conjure some foxfire!
* * * LOW HITPOINT WARNING * * *
The scorpion stings you!
You die...

#######.#.#.⌠...⌠.#
#### #.#.#.......#
#...###†#.+...⌠...+
#.........#.......#
#.........#.⌠...⌠.#
#.........#.......#
#.........####'#####
.............v.)...#
###........s@v.....#
........#.........#
####....#.........#
#....#........<#
#....#........##
###.########### #.


You could see a scorpion (ally target).

Vanquished Creatures
  4 adders (D:2)
  2 dart slugs (D:2)
  An orc (D:3)
  5 endoplasms
  A giant cockroach (D:1)
  3 hobgoblins
  3 kobolds
  5 quokkas
  3 ball pythons (D:1)
  6 bats
  A frilled lizard (D:2)
  A goblin (D:1)
  20 rats
55 creatures vanquished.

Vanquished Creatures (others)
  136 foxfires
  2 plants (D:3)
138 creatures vanquished.

Grand Total: 193 creatures vanquished

Notes
Turn   | Place    | Note
-------+----------+-------------------------------------------
     0 | D:1      | siradein the Djinni Fire Elementalist began the quest for
                  | the Orb.
     0 | D:1      | Reached XP level 1. HP: 15/15 MP: 0/0
   204 | D:1      | Reached skill level 3 in Spellcasting
   231 | D:1      | Reached XP level 2. HP: 18/21 MP: 0/0
  1286 | D:2      | Reached XP level 3. HP: 20/25 MP: 0/0
  1286 | D:2      | Learned a level 1 spell: Summon Small Mammal
  1556 | D:2      | Reached skill level 4 in Spellcasting
  1613 | D:2      | Reached XP level 4. HP: 16/31 MP: 0/0
  1768 | D:2      | Found Kuevuz's Armour Shop.
  2429 | D:3      | Noticed a scorpion
  2454 | D:3      | Mangled by a scorpion

Illustrated notes

Levels and vault maps discovered:
D:1:      minmay_arrival_hallway, layout_basic, chequers_arboretum
D:2:      layout_rooms, serial_shops, shop, chequers_jeans, minmay_rat_hole
D:3:      layout_basic, nicolae_elyvilon_temple_path,
          ebering_ecumenical_altar_webs, minmay_fountain_box, uniq_sigmund

Skill      XL: |  1  2  3 |
---------------+----------+-----
Spellcasting   | 3 4 |  4.5
Dodging        | |  2.1
Stealth        | |  1.5

Action                   |  1- 3 |  4- 6 || total
-------------------------+-------+-------++-------
Melee: Unarmed           |       |     8 ||     8
 Cast: Foxfire           |    42 |    37 ||    79
Armor: Robe              |     3 |     1 ||     4
Dodge: Dodged            |    18 |    15 ||    33

Table legend: (Time is in decaauts)
 A = Elapsed time spent in this place.
 B = Non-inter-level travel time spent in this place.
 C = Inter-level travel time spent in this place.
 D = Time resting spent in this place.
 E = Time spent auto-exploring this place.
 F = Levels seen in this place.
 G = Mean time per level.
                   A        B        C        D        E       F      G
               +--------+--------+--------+--------+--------+-----+--------+
         Total |   2453 |   2403 |     50 |      2 |   2108 |   3 |  817.7 |
       Dungeon |   2453 |   2403 |     50 |      2 |   2108 |   3 |  817.7 |
               +--------+--------+--------+--------+--------+-----+--------+

Top non-repeatable levels by time:
     D:1: 1277 daAuts
     D:2: 1073 daAuts
     D:3: 102 daAuts
